 Dungeon Crawl Stone Soup version 0.24-a0-581-gc0fa6600bf (webtiles) character file.

Game seed: 14819002039995853287

138 Amnesiac the Cutter (level 5, -2/42 HPs)
             Began as a Deep Elf Enchanter on Aug 23, 2019.
             Was an Initiate of Gozag.
             Slain by a goblin
             ... wielding a +1 dagger of electrocution
             ... led by Robin
              (4 damage)
             ... on level 3 of the Dungeon.
             The game lasted 00:07:36 (2928 turns).

Amnesiac the Cutter (Deep Elf Enchanter)            Turns: 2928, Time: 00:07:37

Health: -2/42      AC:  4    Str: 10    XL:     5   Next: 1%
Magic:  13/13      EV: 13    Int: 20    God:    Gozag
Gold:   263        SH:  0    Dex: 16    Spells: 3/12 levels left

rFire    . . .     SeeInvis .   a - +1 dagger
rCold    . . .     Gourm    .   (no shield)
rNeg     . . .     Faith    .   b - +0 robe
rPois    .         Spirit   .   (no helmet)
rElec    .         Reflect  .   m - +0 cloak
rCorr    .         Harm     .   (no gloves)
MR       .....                  g - +0 pair of boots
Stlth    ..........             (no amulet)
HPRegen  0.14/turn              (no ring)
MPRegen  0.13/turn              (no ring)

@: berserking, gold aura, very slightly contaminated, hasted, invisible, very
quick
A: no striking features
a: Potion Petition, Call Merchant, Bribe Branch, Renounce Religion


You were on level 3 of the Dungeon.
You worshipped Gozag.
Gozag was aware of your devotion.
You were not hungry.

You visited 1 branch of the dungeon, and saw 4 of its levels.

You collected 318 gold pieces.
You paid 55 gold pieces to Gozag.

Inventory:

Hand Weapons
 a - a +1 dagger (weapon)
Missiles
 k - 32 poisoned darts (quivered)
Armour
 b - a +0 robe (worn)
 g - a +0 pair of boots (worn)
 m - a +0 cloak (worn)
Scrolls
 c - a scroll of remove curse {unknown}
 h - a scroll of amnesia {unknown}
 o - a scroll of immolation
Potions
 d - a potion of curing {unknown}
 f - a potion of flight {unknown}
 i - a potion of berserk rage
Comestibles
 l - a ration


   Skills:
 * Level 4.1 Short Blades
 - Level 2.4 Dodging
 + Level 4.0 Stealth
 + Level 4.0 Spellcasting
 + Level 4.0 Hexes


You had 3 spell levels left.
You knew the following spells:

 Your Spells              Type           Power        Failure   Level  Hunger
a - Ensorcelled Hibernat  Hex/Ice        ##....       9%          2    #......
b - Corona                Hex            ###....      2%          1    None
e - Confuse               Hex            ###.....     8%          3    ###....
w - Tukima's Dance        Hex            ###.....     8%          3    ###....

Your spell library contained the following spells:

 Spells                   Type           Power        Failure   Level  Hunger
 Dazzling Spray           Conj/Hex       ##....       17%         3    ###....


Dungeon Overview and Level Annotations

Branches:
Dungeon (4/15)
 Temple: D:4-7

Altars:
Elyvilon
Gozag

Annotations:
D:3 Robin
D:4 Eustachio, Grinder


Message History

You hear an angry hiss.
The goblin hits you but does no damage. The hobgoblin closely misses you.
You miss the goblin. The goblin hits you with a +0 club.
* * * LOW HITPOINT WARNING * * *
You hit the goblin.
You kill the goblin!
You have reached level 5!
The goblin shouts!
The goblin closely misses you.
You are too berserk!
You closely miss the hobgoblin.
The goblin wields a +0 hunting sling.
The goblin shoots a stone.
The stone hits the goblin but does no damage.
You puncture the hobgoblin!
You kill the hobgoblin!
The goblin shouts!
You hear a shout!
A goblin comes into view. It is wielding a +0 club.
The goblin hits you with a +1 dagger of electrocution.
You die...
Your body crumbles into a pile of gold.

#.#.###.##.# #.#
#..........# #.#
###.###.#### #.#
#_# #.# #.# #.#
#.######.# #.#
#........#
######.############
$....g.o$$#
..#..##.#@# #.
#g#g# .. g..g# ..
g.gg.# . ...g..#
#.##...g .. #.###
#. $ ##+##


You could see Robin, an orc and 6 goblins.

Vanquished Creatures
  A gnoll shaman (D:2)
  Crazy Yiuf (D:2)
  3 gnolls (D:2)
  An adder (D:4)
  A dart slug (D:3)
  2 leopard geckos
  An orc (D:3)
  4 bats
  4 giant cockroaches
  4 goblins
  8 hobgoblins
  A ball python (D:2)
  2 frilled lizards (D:1)
  3 kobolds
  4 rats
40 creatures vanquished.

Notes
Turn   | Place    | Note
-------+----------+-------------------------------------------
     0 | D:1      | Amnesiac the Deep Elf Enchanter began the quest for the
                  | Orb.
     0 | D:1      | Reached XP level 1. HP: 10/10 MP: 6/6
   290 | D:3      | Reached XP level 2. HP: 15/15 MP: 8/8
   310 | D:3      | Learned a level 2 spell: Ensorcelled Hibernation
   537 | D:4      | Noticed Eustachio
   545 | D:4      | Noticed Grinder
   673 | D:3      | Found an opulent altar of Gozag.
   879 | D:3      | Became a worshipper of Gozag Ym Sagoz the Greedy
  1134 | D:1      | Reached XP level 3. HP: 19/19 MP: 10/10
  2140 | D:2      | Found a runed translucent door.
  2141 | D:2      | Noticed Crazy Yiuf
  2148 | D:2      | Killed Crazy Yiuf
  2148 | D:2      | Reached XP level 4. HP: 24/24 MP: 12/12
  2197 | D:2      | Learned a level 3 spell: Confuse
  2201 | D:2      | Learned a level 3 spell: Tukima's Dance
  2858 | D:3      | Found a white marble altar of Elyvilon.
  2913 | D:3      | Noticed Robin
  2925 | D:3      | HP: 1/36 [goblin/+0 club[Robin] (4)]
  2926 | D:3      | Reached XP level 5. HP: 2/28 MP: 13/13
  2928 | D:3      | Slain by a goblin

Levels and vault maps discovered:
D:1:      minmay_arrival_shattered_statue, layout_basic, palyth_stone_intersect
D:2:      layout_loops_corners, first_ration, minmay_crystal_water,
          kennysheep_generic_room_9, uniq_crazy_yiuf_cottage
D:3:      gammafunk_steamed_eel, layout_loops_corners, grunt_gozag_breadcrumbs,
          overflow_temple_1_default, uniq_robin
D:4:      layout_loops_ring, nicolae_qazlal_eye_of_the_storm, glass_columns_a,
          uniq_eustachio, uniq_grinder, uniq_natasha

Skill      XL: |  1  2  3  4 |
---------------+-------------+-----
Stealth        | 4 |  4.0
Short Blades   | 2 3 4 |  4.1
Spellcasting   | 4 |  4.0
Dodging        | |  2.4
Hexes          | |  4.0

Action                   |  1- 3 |  4- 6 || total
-------------------------+-------+-------++-------
Melee: Dagger            |    47 |    32 ||    79
 Cast: Corona            |     5 |       ||     5
       Ensorcelled Hiber |    21 |     7 ||    28
       Confuse           |       |     3 ||     3
  Use: Potion            |       |     3 ||     3
       Scroll            |       |     2 ||     2
 Stab: Sleeping          |    24 |     7 ||    31
       Confused          |       |     3 ||     3
  Eat: Chunk             |     1 |       ||     1
       Ration            |     2 |       ||     2
Armor: Robe              |     9 |     3 ||    12
Dodge: Dodged            |    50 |    24 ||    74

Table legend:
 A = Non-vault XP
 B = Vault XP
 C = Vault XP percentage of total XP
 D = Non-vault monster count
 E = Vault monster count
 F = Vault count percentage of total count
                 A         B        C        D         E       F
            +---------+---------+-------+---------+---------+-------
      Total |     152 |      46 |  23.2 |      36 |       4 |  10.0
            +---------+---------+-------+---------+---------+-------
        D:1 |      27 |       0 |   0.0 |      17 |       0 |   0.0
        D:2 |      95 |      43 |  31.2 |      11 |       2 |  15.4
        D:3 |      17 |       3 |  15.0 |       7 |       2 |  22.2
        D:4 |      13 |       0 |   0.0 |       1 |       0 |   0.0
            +---------+---------+-------+---------+---------+-------
